 Dungeon Crawl Stone Soup version 0.21-a0-538-gd16b88a (webtiles) character file.

3073 robertstho the Geomancer (level 9, -1/47 HPs)
             Began as a Gargoyle Earth Elementalist on Dec 15, 2017.
             Was a Believer of Vehumet.
             Killed by blast of rock fragments (23 damage)
             ... on level 8 of the Dungeon.
             The game lasted 00:26:12 (6615 turns).

robertstho the Geomancer (GrEE)                     Turns: 6615, Time: 00:26:12

Health: -1/47      AC: 14    Str: 12    XL:     9   Next: 88%
Magic:  2/21       EV: 12    Int: 19    God:    Vehumet [**....]
Gold:   323        SH:  0    Dex: 10    Spells: 16/25 levels left

rFire    . . .     SeeInvis .   h - -2 short sword
rCold    . . .     Gourm    .   (no shield)
rNeg     + . .     Faith    .   H - +1 robe {Archmagi}
rPois    ∞         Spirit   .   v - +1 helmet
rElec    +         Reflect  .   (no cloak)
rCorr    .         Harm     .   n - +2 pair of gloves
MR       .....                  (no boots)
Stlth    ++........             (no amulet)
HPRegen  0.15/turn              (no ring)
MPRegen  0.17/turn              (no ring)

@: very slightly contaminated, invisible
A: negative energy resistance 1, electricity resistance, unbreathing,
petrification resistance, rot immunity, AC +6
a: Renounce Religion


You were on level 8 of the Dungeon.
You worshipped Vehumet.
Vehumet was pleased with you.
You were hungry.

You visited 2 branches of the dungeon, and saw 9 of its levels.
You also visited: Sewer.

You collected 323 gold pieces.

Inventory:

Hand Weapons
 f - a +0 dagger
 h - a -2 short sword (weapon)
 l - a +3 whip of venom
 q - a +1 short sword of protection
 r - a +0 hunting sling
 w - a +2 flail of crushing
 I - a +1 morningstar of protection
 J - a +2 dagger of venom
 P - a +0 long sword
Missiles
 b - 120 stones (quivered)
 g - 18 bolts
 o - 3 javelins
 x - 46 poisoned needles
 y - 93 sling bullets
 G - 9 poisoned tomahawks
 S - 7 tomahawks
 U - 2 throwing nets
Armour
 c - a +0 robe
 n - a +2 pair of gloves (worn)
 v - a +1 helmet (worn)
 H - a +1 robe of the Archmagi (worn)
Jewellery
 p - an uncursed amulet of faith {unknown}
 B - an uncursed amulet of regeneration {unknown}
Wands
 u - a wand of flame (17)
 z - a wand of random effects (27)
 O - a wand of digging (10)
Scrolls
 k - 2 scrolls of enchant weapon
 s - 8 scrolls of identify
Potions
 a - a potion of haste {unknown}
 i - a potion of invisibility
 m - 2 potions of ambrosia
 A - a potion of brilliance {unknown}
 C - 3 potions of degeneration {unknown}
 D - 2 potions of heal wounds {unknown}
 E - a potion of resistance
 K - 2 potions of agility {unknown}
 L - a potion of lignification {unknown}
 M - a potion of mutation {unknown}
 N - a potion of berserk rage {unknown}
Books
 e - a book of Geomancy

   Spells                             Type                      Level
   a - Sandblast                      Earth                        1
   b - Passwall                       Transmutation/Earth          2
   c - Stone Arrow                    Conjuration/Earth            3
   d - Petrify                        Transmutation/Earth          4
   e - Lee's Rapid Deconstruction     Earth                        5
 F - a book of Air

   Spells                             Type                      Level
   a - Shock                          Conjuration/Air              1
   b - Swiftness                      Charms/Air                   2
   c - Static Discharge               Conjuration/Air              3
   d - Airstrike                      Air                          4
   e - Lightning Bolt                 Conjuration/Air              5
Comestibles
 d - 7 bread rations
 j - 5 meat rations
 t - 3 fruits
 Q - a royal jelly
 T - 6 chunks of flesh


   Skills:
 + Level 1.0 Fighting
 + Level 1.2 Short Blades
 + Level 2.3 Dodging
 + Level 4.2 Stealth
 + Level 8.5 Spellcasting
 + Level 0.7 Conjurations
   Level 0.7 Transmutations
 + Level 11.1 Earth Magic


You had 16 spell levels left.
You knew the following spells:

 Your Spells              Type           Power        Failure   Level  Hunger
a - Sandblast             Erth           ######       1%          1    None
b - Stone Arrow           Conj/Erth      #####.       2%          3    None
c - Lee's Rapid Deconstr  Erth           ######....   2%          5    #####..


Dungeon Overview and Level Annotations

Branches:
Dungeon (8/15)             Temple (1/1) D:4
   Lair: D:8-11

Altars:
Ashenzari
Gozag
Kikubaaqudgha
Nemelex Xobeh
Qazlal
Ru
Uskayaw
Vehumet
Xom
Yredelemnul
Zin
The Shining One

Annotations:
D:3 McSplat's ghost, amateur TrWz
D:5 2 transporters


Innate Abilities, Weirdness & Mutations

You are resistant to torment.
Your stone body is resilient. (AC +6)
You are immune to poison.
You resist negative energy. (rN+)
You are resistant to electric shocks. (rElec)
You can survive without breathing.
You are immune to petrification.
You are immune to rotting.


Message History

Confirm with . or Enter, or press ? or * to list all spells.
Aiming: Lee's Rapid Deconstruction
Press: ? - help, Dir - move target cursor, p - orc priest
Okay, then.
Casting: Lee's Rapid Deconstruction
Confirm with . or Enter, or press ? or * to list all spells.
Aiming: Lee's Rapid Deconstruction
Press: ? - help, Dir - move target cursor, p - orc priest You feel a surge of power!
That beam is likely to hit you.
Continue anyway?
The wall shatters!
The blast of rock fragments hits the orc priest.
You kill the orc priest!
Vehumet accepts your kill.
Vehumet offers you knowledge of Conjure Flame.
The blast of rock fragments hits the orc.
You kill the orc!
Vehumet accepts your kill.
You feel your power returning. The blast of rock fragments hits you!
You die...

### #.##### #.....####
#.###....# ##)# #..#.#
..# ##†).# ## #)# ##)##
. #@# #..# o# #.# #)##
.o# .# #.# #.# #..#
...####.#####o###..#
......#.#...)oo.)..####
#....[.._.(....()......
##.....))..)..###.#####
#.#.#...#.###.###.# #
#.............#


There were no monsters in sight!

Vanquished Creatures
  A two-headed ogre (D:7)
  A hippogriff (D:7)
  3 orc warriors
  2 sky beasts
  Purgy (Sewer)
  2 black bears
  2 ogres (D:7)
  A centaur (D:5)
  An ice beast (D:5)
  2 bullfrogs (D:7)
  A scorpion (D:4)
  2 howler monkeys (D:7)
  A centaur zombie (D:5)
  A bullfrog zombie (D:5)
  2 crimson imps
  A jelly (D:7)
  2 centaur skeletons
  10 orc wizards
  3 orc priests (D:8)
  4 worker ants
  A hound skeleton (D:7)
  7 gnolls
  A howler monkey skeleton (D:7)
  5 adders
  A shadow imp (D:7)
  2 oozes
  An adder zombie (D:7)
  An adder skeleton (D:8)
  A worm (D:3)
  3 leopard geckos
  19 orcs
  3 ball pythons
  6 bats
  7 giant cockroaches
  7 goblins
  6 hobgoblins
  10 jackals
  19 kobolds
  4 quokkas
  8 frilled lizards
  A leopard gecko skeleton (D:5)
  8 rats
164 creatures vanquished.

Notes
Turn   | Place    | Note
-------+----------+-------------------------------------------
     0 | D:1      | robertstho the Gargoyle Earth Elementalist began the quest for the Orb.
     0 | D:1      | Reached XP level 1. HP: 10/10 MP: 3/3
   138 | D:1      | Reached XP level 2. HP: 15/15 MP: 3/5
   154 | D:1      | Reached skill level 4 in Earth Magic
   792 | D:1      | Reached XP level 3. HP: 12/19 MP: 4/6
  1488 | D:2      | Found a shattered altar of Ashenzari.
  1599 | D:2      | Found a faded altar of an unknown god.
  1742 | D:2      | Reached XP level 4. HP: 6/24 MP: 4/7
  2373 | D:3      | Reached skill level 1 in Short Blades
  2712 | D:3      | Found a sacrificial altar of Ru.
  2954 | D:3      | Reached XP level 5. HP: 28/28 MP: 6/9
  2957 | D:3      | Reached skill level 5 in Earth Magic
  3045 | D:3      | Noticed McSplat's ghost (amateur TrWz)
  3094 | D:4      | Found a staircase to the Ecumenical Temple.
  3152 | Temple   | Entered the Ecumenical Temple
  3160 | Temple   | Became a worshipper of Vehumet
  3268 | D:4      | Found a sparkling altar of Nemelex Xobeh.
  3487 | D:5      | Entered Level 5 of the Dungeon
  3487 | D:5      | Noticed an ice beast
  3500 | D:5      | Killed an ice beast
  3500 | D:5      | Reached XP level 6. HP: 33/33 MP: 4/11
  3573 | D:5      | Reached skill level 6 in Earth Magic
  3733 | D:5      | Learned a level 3 spell: Stone Arrow
  3739 | D:5      | Learned a level 5 spell: Lee's Rapid Deconstruction
  3875 | D:5      | Found a stormy altar of Qazlal.
  3952 | D:5      | Noticed a sky beast
  3962 | D:5      | Killed a sky beast
  3962 | D:5      | Reached XP level 7. HP: 37/37 MP: 7/13
  3964 | D:5      | Reached skill level 7 in Earth Magic
  3971 | D:5      | Reached * piety under Vehumet
  3971 | D:5      | Offered knowledge of Shock by Vehumet.
  3997 | D:5      | Found a transporter.
  4068 | D:5      | Found a transporter.
  4170 | D:5      | Reached skill level 5 in Spellcasting
  4345 | D:5      | Found a shimmering altar of Xom.
  4552 | D:6      | Found a glowing drain.
  4565 | Sewer    | Entered a sewer
  4607 | Sewer    | Noticed lukano's ghost (weakling DrBe)
  4651 | Sewer    | Noticed Purgy
  4655 | Sewer    | Killed Purgy
  4655 | Sewer    | Reached XP level 8. HP: 41/42 MP: 10/16
  4916 | D:6      | Found a basalt altar of Yredelemnul.
  4926 | D:6      | Reached skill level 8 in Earth Magic
  5059 | D:6      | Noticed a dagger
  5060 | D:6      | Noticed a hand axe
  5061 | D:6      | Found a hide-covered altar of Uskayaw.
  5881 | D:7      | Offered knowledge of Freeze by Vehumet.
  5884 | D:7      | Reached ** piety under Vehumet
  5998 | D:7      | Reached skill level 9 in Earth Magic
  6094 | D:7      | Noticed a hippogriff
  6099 | D:7      | Killed a hippogriff
  6099 | D:7      | Reached skill level 1 in Fighting
  6099 | D:7      | Reached XP level 9. HP: 47/47 MP: 15/19
  6280 | D:7      | Noticed a two-headed ogre
  6301 | D:7      | Killed a two-headed ogre
  6301 | D:7      | Reached skill level 10 in Earth Magic
  6495 | D:7      | Found a glowing silver altar of Zin.
  6496 | D:7      | Found an opulent altar of Gozag.
  6529 | D:8      | Found a glowing golden altar of the Shining One.
  6570 | D:8      | Reached skill level 11 in Earth Magic
  6615 | D:8      | Offered knowledge of Conjure Flame by Vehumet.
  6615 | D:8      | Killed by blast of rock fragments

Vault maps used:
D:1:      eino_arrival_cavern_d
D:2:      chequers_ecumenical_altar_simple_redux, evilmike_ruin_ashenzari
D:3:      nicolae_ru_great_annihilating_truth
D:4:      lemuel_doored_altar, nicolae_overflow_hidden_temple,
          minmay_temple_entry_overgrown, first_bread
D:5:      gammafunk_cloud_chamber, lemuel_round_altar, grunt_qazlal_sundering
D:6:      dancing_weapons_uskayaw, portal_sewer_entry_a,
          yredelemnul_altar_generic
D:7:      grunt_temple_overflow_gold_and_silver, serial_glass, glass_columns_a,
          glass_columns_c, feat_on_display, grunt_ogre_cave
D:8:      overflow_temple_1_default, kennysheep_mini, lair_entry_dummy,
          basic_altar, uniq_maurice
Temple:   dpeg_chambers_temple
Sewer:    kennysheep_door_sewer

Skill      XL: |  1  2  3  4  5  6  7  8  9 |
---------------+----------------------------+-----
Earth Magic    | 4 5 6 7 9 11 | 11.1
Short Blades   | 1 |  1.2
Dodging        | 2 |  2.3
Spellcasting   | 3 4 5 7 8 |  8.5
Stealth        | 3 4 |  4.2
Fighting       | 1 |  1.0
Conjurations   | |  0.7
Transmutations | |  0.7

Action                   |  1- 3 |  4- 6 |  7- 9 || total
-------------------------+-------+-------+-------++-------
Melee: Short sword       |   112 |    23 |    10 ||   145
       Dagger            |     5 |       |       ||     5
 Cast: Sandblast         |    40 |    92 |   108 ||   240
       Stone Arrow       |       |       |     5 ||     5
       Lee's Rapid Decon |       |       |     6 ||     6
  Use: Scroll            |     5 |     3 |     4 ||    12
       Potion            |     1 |       |     1 ||     2
 Stab: Sleeping          |     4 |       |       ||     4
  Eat: Bread ration      |     1 |       |       ||     1
       Chunk             |       |     6 |     9 ||    15
Armor: Robe              |    78 |    14 |    25 ||   117
Dodge: Dodged            |   142 |    52 |    28 ||   222

Table legend:
 A = Spawn XP
 B = Non-spawn XP
 C = Spawn XP percentage of total XP
 D = Spawn monster count
 E = Non-spawn monster count
 F = Spawn count percentage of total count
 G = Total turns spent on level
                    A         B        C        D         E        F      G
               +---------+---------+-------+---------+---------+-------+---------
         Total |       0 |    4391 |   0.0 |       0 |     164 |   0.0 |  6615
               +---------+---------+-------+---------+---------+-------+---------
           D:1 |       0 |      36 |   0.0 |       0 |      25 |   0.0 |  1315
           D:2 |       0 |      55 |   0.0 |       0 |      24 |   0.0 |  1026
           D:3 |       0 |      83 |   0.0 |       0 |      17 |   0.0 |   719
           D:4 |       0 |     137 |   0.0 |       0 |      15 |   0.0 |   410
           D:5 |       0 |     717 |   0.0 |       0 |      20 |   0.0 |   928
           D:6 |       0 |     537 |   0.0 |       0 |      20 |   0.0 |  1155
           D:7 |       0 |    1947 |   0.0 |       0 |      19 |   0.0 |   801
           D:8 |       0 |     740 |   0.0 |       0 |      18 |   0.0 |    94
         Sewer |       0 |     139 |   0.0 |       0 |       6 |   0.0 |   150
               +---------+---------+-------+---------+---------+-------+---------
